 Dungeon Crawl Stone Soup version 0.30-a0-373-gd37427bb62 (webtiles) character file.

Game seed: 13121856791017770668

221 greenreed the Grave Robber (level 5, 0/49 HPs)
             Began as an Ogre Necromancer on Nov 24, 2022.
             Slain by Crazy Yiuf
             ... wielding a +4 quarterstaff of chaos
              (10 damage)
             ... on level 2 of the Dungeon.
             The game lasted 00:03:27 (1867 turns).

greenreed the Grave Robber (Ogre Necromancer)       Turns: 1867, Time: 00:03:28

Health: 0/49       AC:  3    Str: 12    XL:     5   Next: 98%
Magic:  1/12       EV:  9    Int: 18    God:
Gold:   70         SH:  0    Dex:  9    Spells: 9/13 levels left

rFire   . . .      SeeInvis .    d - +0 hand axe
rCold   . . .      Faith    .    (no shield)
rNeg    . . .      Spirit   .    a - +0 robe
rPois   .          Reflect  .    (helmet restricted)
rElec   .          Harm     .    (no cloak)
rCorr   .          Rampage  .    (gloves unavailable)
Will    .....                    (boots unavailable)
Stlth   +.........               (no amulet)
HPRegen 0.28/turn                (no ring)
MPRegen 0.13/turn                (no ring)

@: confused
A: large, unfitting armour, tough skin 1
a: no special abilities


You were on level 2 of the Dungeon.
You visited 1 branch of the dungeon, and saw 2 of its levels.

You collected 70 gold pieces.

Inventory:

Hand Weapons
 d - a +0 hand axe (weapon)
Missiles
 h - 6 poisoned darts
Armour
 a - a +0 robe (worn)
Jewellery
 l - a ring of fire
Scrolls
 e - a scroll of teleportation {unknown}
 i - a scroll of enchant weapon {unknown}
 n - a scroll of enchant armour {unknown}
 o - a scroll of torment {unknown}
Potions
 b - a potion of magic
 c - 2 potions of curing
 f - a potion of resistance {unknown}
 g - a potion of ambrosia {unknown}
 j - a potion of heal wounds {unknown}
 k - a potion of lignification {unknown}
 m - 2 potions of brilliance {unknown}


   Skills:
 * Level 1.6 Fighting
 * Level 1.3 Axes
 + Level 1.9 Dodging
 + Level 1.4 Stealth
 * Level 4.6 Spellcasting
 * Level 4.8 Necromancy


You had 9 spell levels left.
You knew the following spells:

 Your Spells              Type           Power      Damage    Failure   Level
a - Necrotise             Necr           84%        1d8       1%          1
b - Vampiric Draining     Necr           21%        2d7       5%          3

Your spell library contained the following spells:

 Spells                   Type           Power      Damage    Failure   Level
 Animate Dead             Necr           21%        N/A       19%         4
 Agony                    Necr           21%        N/A       45%         5


Dungeon Overview and Level Annotations

Branches:
Dungeon (2/15)

Altars:

Annotations:
D:2 Crazy Yiuf


Innate Abilities, Weirdness & Mutations

You are too large for most types of armour.
You have tough skin. (AC +1)


Message History

Casting: Necrotise (safe; 1% risk of failure)
Confirm with . or Enter, or press ? or * to list all spells.
Okay, then.
Crazy Yiuf zaps a wand.
The bolt of light misses you.
There is an open translucent door here.
Casting: Necrotise (safe; 1% risk of failure)
Confirm with . or Enter, or press ? or * to list all spells.
Aiming: Vampiric Draining (dangerous; 5% risk of failure)
Press: ? - help, Shift-Dir - straight line, f - Crazy Yiuf
Aim: Crazy Yiuf, wielding a +4 quarterstaff of chaos, wearing a +0 cloak and carrying a wand of light (7)
You draw life force from Crazy Yiuf.
Crazy Yiuf zaps a wand.
The bolt of light misses you.
Casting: Vampiric Draining (dangerous; 5% risk of failure)
Confirm with . or Enter, or press ? or * to list all spells.
Aiming: Vampiric Draining (dangerous; 5% risk of failure)
Press: ? - help, Shift-Dir - straight line, f/p - Crazy Yiuf
Aim: Crazy Yiuf, wielding a +4 quarterstaff of chaos, wearing a +0 cloak and carrying a wand of light (6) (moderately wounded)
You draw life force from Crazy Yiuf!
Crazy Yiuf hits you with a +4 quarterstaff of chaos!
You feel your power leaking away.
You hit Crazy Yiuf.
Crazy Yiuf is almost dead.
Crazy Yiuf hits you with a +4 quarterstaff of chaos!
You resist with some effort.
You barely miss Crazy Yiuf.
Crazy Yiuf is almost dead.
Crazy Yiuf zaps a wand.
The bolt of light misses you.
You barely miss Crazy Yiuf.
Crazy Yiuf is almost dead.
Crazy Yiuf barely misses you.
You barely miss Crazy Yiuf.
Crazy Yiuf is almost dead.
Crazy Yiuf zaps a wand.
The bolt of light hits you!
You are confused.
* * * LOW HITPOINT WARNING * * *
Crazy Yiuf barely misses you.
You closely miss Crazy Yiuf.
Crazy Yiuf is almost dead.
Crazy Yiuf hits you with a +4 quarterstaff of chaos!
You die...

........################..#.####
##.#.#....................#.#
#.#.####################.#.#
#.#.# #.#.# #.#.# #.#.# #.#.#
##♣♣♣♣♣ ###.#.# #.#.###.P.♣.♣♣♣
#### #...#.#
#.#........♣..♣#...# #####.#
#.#.......♣♣♣♣.@g..# #.....#
#.#.#.#..♣♣ ♣♣#..)# #######
#.#.####♣♣ #### #.#...# #>#####
#.....# #######


You could see Crazy Yiuf.

Vanquished Creatures
  Sigmund (D:2)
  An adder (D:2)
  3 dart slugs
  5 bats
  4 endoplasms
  2 giant cockroaches
  2 goblins
  A hobgoblin (D:2)
  5 jackals
  4 kobolds (D:1)
  2 frilled lizards (D:1)
  4 rats
34 creatures vanquished.

Vanquished Creatures (collateral kills)
  A goblin (D:1)
  A hobgoblin (D:2)
2 creatures vanquished.

Vanquished Creatures (others)
  3 fungi (D:2)
3 creatures vanquished.

Grand Total: 39 creatures vanquished

Notes
Turn   | Place    | Note
-------+----------+-------------------------------------------
     0 | D:1      | greenreed the Ogre Necromancer began the quest for the Orb.
     0 | D:1      | Reached XP level 1. HP: 16/16 MP: 3/3
   139 | D:1      | Reached XP level 2. HP: 20/24 MP: 1/5
   665 | D:1      | Reached XP level 3. HP: 31/31 MP: 5/7
   971 | D:2      | Noticed Sigmund
  1053 | D:2      | Killed Sigmund
  1054 | D:2      | Reached skill level 1 in Fighting
  1054 | D:2      | Reached skill level 1 in Axes
  1054 | D:2      | Reached XP level 4. HP: 31/41 MP: 2/10
  1054 | D:2      | Reached XP level 5. HP: 36/48 MP: 2/11
  1849 | D:2      | Found a runed translucent door.
  1850 | D:2      | Noticed Crazy Yiuf
  1859 | D:2      | Learned a level 3 spell: Vampiric Draining
  1867 | D:2      | Slain by Crazy Yiuf

Illustrated notes

Levels and vault maps discovered:
D:1:      dpeg_arrival_short_road, layout_loops_ring, nrook_uturn
D:2:      layout_basic, shapermc_ecumenical_altar_rom_forum, serial_glass,
          glass_columns_a, glass_columns_a, uniq_crazy_yiuf_cottage,
          uniq_sigmund

Skill      XL: |  1  2  3 |
---------------+----------+-----
Spellcasting   | 3 4 |  4.6
Necromancy     | 4 |  4.8
Fighting       | 1 |  1.6
Axes           | 1 |  1.3
Dodging        | |  1.9
Stealth        | |  1.4

Action                   |  1- 3 |  4- 6 || total
-------------------------+-------+-------++-------
Melee: Unarmed           |    11 |       ||    11
       Hand axe          |    19 |     6 ||    25
       Punch             |     1 |       ||     1
 Cast: Necrotise         |    46 |    22 ||    68
       Vampiric Draining |       |     2 ||     2
Armor: Robe              |    20 |     1 ||    21
Dodge: Dodged            |    25 |    12 ||    37

Table legend: (Time is in decaauts)
 A = Elapsed time spent in this place.
 B = Non-inter-level travel time spent in this place.
 C = Inter-level travel time spent in this place.
 D = Time resting spent in this place.
 E = Time spent auto-exploring this place.
 F = Levels seen in this place.
 G = Mean time per level.
                   A        B        C        D        E       F      G
               +--------+--------+--------+--------+--------+-----+--------+
         Total |   1874 |   1823 |     51 |     59 |   1496 |   2 |  937.0 |
       Dungeon |   1874 |   1823 |     51 |     59 |   1496 |   2 |  937.0 |
               +--------+--------+--------+--------+--------+-----+--------+

Top non-repeatable levels by time:
     D:1: 1037 daAuts
     D:2: 836 daAuts
